 Dungeon Crawl Stone Soup version 0.18.1-48-g4cf74bf (webtiles) character file.

102 shimson the Skirmisher (level 4, -7/41 HPs)
             Began as a Hill Orc Chaos Knight on July 11, 2016.
             Mangled by an orc
             ... wielding a cursed +0 hand axe
              (8 damage)
             ... on level 4 of the Dungeon.
             The game lasted 00:26:05 (1911 turns).

shimson the Skirmisher (Hill Orc Chaos Knight)      Turns: 1911, Time: 00:26:06

Health: -7/41      AC:  6    Str: 15    XL:     4   Next: 78%
Magic:  4/4        EV: 17    Int: 12    God:    Xom [.*....]
Gold:   101        SH:  0    Dex: 15    Spells: 0 memorised, 3 levels left

rFire  + . .     SeeInvis .     a - +0 spear (chaos)
rCold  + . .     Gourm    .     b - +3 leather armour
rNeg   . . .     Faith    .     (no shield)
rPois  +         Spirit   .     (no helmet)
rElec  +         Dismiss  .     (no cloak)
rCorr  +         Reflect  .     (no gloves)
SustAt .         Harm     .     (no boots)
MR     .....                    v - amulet of rage
Stlth  ++........               (no ring)
                                e - ring of poison resistance

@: agile, resistant, flying, not resistant to hostile enchantments, unstealthy
A: no striking features
a: Renounce Religion, Convert to Beogh, Evoke Berserk Rage


You were on level 4 of the Dungeon.
You worshipped Xom.
You were a plaything of Xom.
You were not hungry.

You visited 1 branch of the dungeon, and saw 4 of its levels.

You collected 101 gold pieces.

Inventory:

Hand Weapons
 a - a +0 spear of chaos (weapon)
 f - a +1 short sword of venom
 z - a +0 trident
Missiles
 j - 128 arrows
Armour
 b - a +3 leather armour (worn)
 g - a +0 ring mail
 m - a +0 robe
Jewellery
 e - a ring of poison resistance (left hand)
 v - an amulet of rage (around neck)
Wands
 u - a wand of acid (3/15)
 w - a wand of disintegration (15/24)
Scrolls
 d - 2 scrolls of identify
 i - 2 scrolls of enchant armour
 l - 2 scrolls of remove curse
 p - a scroll of immolation {unknown}
 x - a scroll of noise
 y - a scroll of magic mapping {unknown}
Potions
 h - a potion of agility
 k - a potion of heal wounds {unknown}
 r - a potion of cancellation {unknown}
 t - a potion of degeneration {unknown}
Comestibles
 c - a bread ration
 o - 4 fruits
 s - a royal jelly


   Skills:
 + Level 4.6 Fighting
 + Level 4.1 Polearms
 + Level 3.0 Armour
 + Level 1.9 Dodging


You had 3 spell levels left.
You didn't know any spells.

Dungeon Overview and Level Annotations

Branches:
Dungeon (4/15)
 Temple: D:4-7

Altars:
Pakellas


Message History

It was a potion of flight.
You feel very buoyant.
You fly up into the air.
Xom roars with laughter!
The orc hits you with a hand axe.
* * * LOW HITPOINT WARNING * * *
You barely miss the orc.
The orc is severely wounded.
The orc hits you with a hand axe.
* * * LOW HITPOINT WARNING * * *
Drink which item? (? for menu, Esc to quit)
It was a potion of resistance.
You feel protected. The orc hits you but does no damage.
Drink which item? (? for menu, Esc to quit)
It was a potion of agility.
You feel agile all of a sudden. The orc hits you with a hand axe!
You die...
Xom bursts into laughter!

#.........
#########.........
#.......#.........
#.......#......### ....
#.......#......# .o.o
#.......#......# .o...
#.......#......# .....
#.......#......#
......#@).....#......#
.....$#o#######......#
#..oo............###
#.o.................
#...................
#...................
#...................
#........#####.........
#........# #.........


You could see 2 orc priests and 2 orcs.

Vanquished Creatures
  An orc wizard (D:4)
  An adder (D:3)
  3 dart slugs
  6 giant geckos
  5 bats
  2 giant cockroaches
  3 goblins
  5 hobgoblins (D:1)
  9 jackals
  6 kobolds
  3 giant newts
  2 rats
46 creatures vanquished.

Vanquished Creatures (collateral kills)
  A hobgoblin (D:1)
  A giant newt (D:1)
2 creatures vanquished.

Grand Total: 48 creatures vanquished

Notes
Turn   | Place    | Note
--------------------------------------------------------------
     0 | D:1      | shimson the Hill Orc Chaos Knight began the quest for the Orb.
     0 | D:1      | Reached XP level 1. HP: 19/19 MP: 1/1
     0 | D:1      | Noticed a minotaur zombie
    23 | D:1      | Noticed a merfolk zombie
   150 | D:1      | XOM: potion effect (brilliance)
   156 | D:1      | Reached XP level 2. HP: 23/27 MP: 2/2
   236 | D:1      | Reached XP level 3. HP: 31/33 MP: 3/3
   306 | D:1      | XOM: harmless Erth miscast
   611 | D:1      | Reached skill level 1 in Dodging
   865 | D:2      | Found an oddly glowing altar of Pakellas.
   978 | D:2      | You fall through a shaft!
  1256 | D:3      | XOM: noise
  1382 | D:3      | XOM: harmless Divn miscast
  1433 | D:3      | Reached XP level 4. HP: 39/41 MP: 4/4
  1909 | D:4      | HP: 1/41 [orc/hand axe (5)]
  1911 | D:4      | Mangled by an orc

Skill      XL: |  1  2  3  4 |
---------------+-------------+-----
Fighting       | 4 |  4.6
Polearms       | 4 |  4.1
Dodging        | 1 |  1.9
Armour         | 3 |  3.0

Action                   |  1- 3 |  4- 6 || total
-------------------------+-------+-------++-------
Melee: Spear             |   137 |    54 ||   191
  Use: Scroll            |     5 |     2 ||     7
       Potion            |       |     3 ||     3
 Stab: Paralysed         |       |     1 ||     1
  Eat: Bread ration      |     1 |       ||     1
Armor: Leather armour    |    44 |    27 ||    71
Dodge: Dodged            |    76 |    46 ||   122
